[Event "87th Tata Steel Masters 2025"]
[White "Van Foreest,Jorden"]
[Black "Gukesh,Dommaraju"]
[Site "Wijk aan Zee"]
[Round "12.4"]
[Annotator "TA"]
[Result "1/2-1/2"]
[Date "2025.02.01"]
[WhiteElo "2680"]
[BlackElo "2777"]
[PlyCount "101"]
[TimeControl "60"]

1. d4 d5 2. c4 e6 3. Nc3 Be7 4. cxd5 exd5 5. Bf4 c6 6. e3 Bf5 7. Nge2 $1 {[%emt 0:1:49][%mdl 4] is now more promising than 7.g4.} Nd7 8. Rc1 {[%emt 0:4:37] D31: Queen's Gambit Declined: Semi-Slav without ...Nf6 (+ Marshall Gambit and Noteboom) and Exchange Variation lines without ...Nf6.} Ngf6 9. Ng3 Bg6 10. h4 h5 11. Be2 Qb6 12. Qd2 Ng4 $146 (12... Qd8 $11 )(12... Kf8 13. a3 Ne8 14. e4 dxe4 15. d5 Rd8 16. b4 Ndf6 17. Na4 Rxd5 18. Nxb6 Rxd2 19. Bxd2 axb6 {1-0 Volkov,S (2613)-Burmakin,V (2575) Ortisei Server24 op 2nd 2013 (7)} )13. Bg5 (13. e4 $16 )Bd6 $11 14. Bf4 Be7 15. Bg5 (15. e4 $14 )Qd8 (15... Bd6 $11 )16. f3 $14 Ngf6 17. O-O Nh7 18. Bxe7 Qxe7 19. f4 Qxh4 20. Qe1 f5 $1 21. Nxh5 Qe7 22. Bf3 (22. Qg3 $2 Nhf8 23. Nxg7+ (23. Qh3 $2 Bxh5 24. Bd3 g6 $19 )Qxg7 $19 )Bxh5 23. Bxh5+ Kf8 24. Nd1 Nb6 (24... Kg8 $17 )25. Bg6 $11 Qe6 26. Qb4+ Kg8 27. Bxh7+ Rxh7 28. Rf3 Re8 29. Nf2 Nc4 30. Nd3 (30. Qxb7 g5 31. Qa6 gxf4 $17 (31... g4 32. Rg3 $17 ))Rh4 (30... Nxe3 $2 31. Re1 $18 (31. Qxb7 Nxg2 32. Rxc6 Qe4 $15 ))31. Ne5 b5 (31... Nd6 {simplifies} 32. Rh3 Rxh3 33. gxh3 Qf6 )32. Qc5 Qh6 33. Kf2 Re6 34. Rxc4 dxc4 35. Qxa7 Qf6 $1 36. Rg3 Rh1 37. Nd7 Qd8 38. Ne5 Re7 39. Qa6 {[%emt 0:1:31] [#]} (39. Qa3 $1 $11 {and White stays safe.} Re6 40. Qa7 )Rxe5 $1 $19 40. fxe5 {[%emt 0:0:41][%mdl 4096] Endgame [#] KQR-KQR. White is a pawn up.} f4 $1 41. Rh3 (41. exf4 Qxd4+ 42. Re3 Qxf4+ (42... Qxb2+ 43. Kf3 $15 )43. Ke2 Qf1+ 44. Kd2 Qc1+ (44... Qxg2+ $2 45. Kc3 $19 )45. Ke2 Re1+ (45... Qxb2+ $2 46. Kf3 $19 )46. Kf3 Rxe3+ (46... Qxe3+ 47. Kg4 Qe4+ 48. Kg5 Qxg2+ 49. Kf5 Qh3+ 50. Kf4 Rf1+ 51. Kg5 Qg3+ 52. Kh5 Rh1# )47. Kg4 Qd1+ (47... Qxb2 48. Qc8+ Kh7 49. Qf5+ Kg8 50. Qe6+ Kf8 51. Qc8+ Ke7 52. Qc7+ Ke8 53. Qxc6+ Kd8 54. Qd6+ Kc8 55. Qc6+ Kb8 56. Qb6+ Ka8 57. Qxe3 $11 )48. Kf5 Qd7+ 49. e6 Qxe6+ 50. Kg5 Qe5+ 51. Kh4 Qg3+ 52. Kh5 Re5# )(41. Rg4 fxe3+ 42. Kxe3 Qf8 )fxe3+ 42. Ke2 Rb1 (42... Rxh3 $19 43. gxh3 Qxd4 44. Qc8+ Kf7 45. Qf5+ Ke7 46. Qg5+ Kf8 (46... Ke6 47. Qg6+ Kxe5 48. Qxg7+ Kd5 49. Qg5+ Kd6 50. Qd8+ Ke5 51. Qxd4+ Kxd4 52. a3 $11 )47. Qf5+ Ke7 )43. Qxc6 $11 Rxb2+ 44. Kf3 $1 {[%emt 0:0:22] Threatening mate with Qe6+. Really sharp!} Qf8+ ({Weaker is} 44... Qxd4 45. Qe8# )45. Ke4 Rf2 $1 {[%emt 0:0:14] Strongly threatening ...Qf4+.} 46. Qe6+ Rf7 {[%emt 0:8:16] [#]} (46... Qf7 $14 47. Qc8+ Qf8 48. Qxf8+ Kxf8 49. Rh8+ Kf7 50. Kxe3 Rxg2 )47. Rxe3 $2 (47. Kxe3 Qe7 48. Qxe7 Rxe7 $16 )({White has to play} 47. Qg6 $1 $18 Qa8+ 48. d5 )Qa8+ {[%emt 0:0:8] The position is equal.} 48. d5 {[%emt 0:0:28] aiming for Rf3.} Qxa2 49. Qc8+ Rf8 50. Qe6+ Rf7 51. Qc8+ {[%emt 0:0:10] Weighted Error Value: White=0.19 (very precise) /Black=0.17 (very precise)   Loses game:     	White=1     	---        Missed win:     	White=1     	Black=1      Mistake:       	White=2     	Black=4      Inaccurate:     	White=2     	Black=1      OK:         	White=20    	Black=13     Best:        	White=3     	Black=9      Strong:       	White=1     	Black=3      Brilliant:      	---       	Black=2} (51. Rf3 $5 Qb1+ $8 52. Kd4 Qg1+ 53. Kc3 Qe1+ 54. Kb2 Qd2+ 55. Ka3 Qa5+ 56. Kb2 Qd2+ $11 )1/2-1/2

[Event "87th Tata Steel Masters 2025"]
[White "Erigaisi,Arjun Kumar"]
[Black "Abdusattorov,Nodirbek"]
[Site "Wijk aan Zee"]
[Round "12.5"]
[Annotator "TA"]
[Result "1-0"]
[Date "2025.02.01"]
[WhiteElo "2801"]
[BlackElo "2768"]
[PlyCount "91"]
[TimeControl "60"]

1. d4 Nf6 2. c4 e6 3. Nc3 Bb4 4. Qc2 d6 5. e3 O-O 6. Bd3 c5 7. Nf3 Nc6 8. O-O Bxc3 9. Qxc3 Qe7 {[%emt 0:4:49] E38: Nimzo-Indian: Classical: 4...c5.} 10. dxc5 dxc5 11. Ne5 Nxe5 {[%emt 0:2:2] White is slightly better.} 12. Qxe5 Rd8 13. Bc2 Ng4 $146 (13... b6 14. b3 Bb7 15. Bb2 Qd6 16. Qg5 h6 17. Qh4 e5 18. Rad1 Qe6 19. f3 Rxd1 20. Rxd1 {1-0 Elmali,T (2102)-Hochhuth,A (1793) Bremen-ch 2019 (3.3)} )14. Qg3 e5 15. f3 Nf6 16. b3 Nh5 17. Qf2 Bd7 18. Bb2 Bc6 19. Rad1 h6 20. h3 Nf6 21. Qg3 Rxd1 22. Rxd1 Re8 23. a4 Nh5 24. Qf2 Qg5 $2 (24... e4 $14 )25. g4 $1 $18 f5 26. h4 (26. Bxf5 Rf8 27. Be6+ Kh7 $18 )Qg6 27. Bxf5 Qf7 28. Rd6 Nf6 29. g5 hxg5 30. hxg5 Nh5 31. Bg4 Qe7 32. Rxc6 (32. Rg6 $18 {is the precise move to win.} )bxc6 $16 33. Bxh5 Qxg5+ 34. Bg4 e4 {[%emt 0:1:57][%cal Ye5e4,Ye4f3][%mdl 32] ...exf3 would now be deadly.} 35. Kf1 $1 {[%emt 0:2:51] And now Qg2 would win.} Qg6 36. Qc2 Rf8 $2 {[%emt 0:0:0][%mdl 8192] [#]} (36... Re7 $16 37. Ba3 Qh6 38. Bxc5 (38. fxe4 $2 Qh1+ 39. Ke2 Qg2+ 40. Kd1 Qxg4+ 41. Kc1 Qg1+ 42. Qd1 Qxe3+ 43. Kb2 Rxe4 $19 )exf3 (38... Qh1+ 39. Ke2 $18 )39. Bxf3 (39. Bxe7 $2 Qh1+ 40. Kf2 Qg2+ 41. Ke1 Qxc2 $19 )Rf7 )37. Qg2 $1 $18 (37. Ke1 Qh6 38. Qxe4 (38. fxe4 $2 Qh4+ 39. Kd2 Qxg4 $19 )Qh1+ 39. Ke2 (39. Kd2 Rd8+ 40. Bd4 cxd4 $11 )Qg2+ 40. Ke1 Qg1+ 41. Ke2 (41. Kd2 Rd8+ $11 )Qg2+ 42. Ke1 Qg1+ 43. Ke2 Qg2+ $11 )exf3 {[%emt 0:0:0] [#]} 38. Be6+ $1 Kh7 39. Qh3+ Qh6 40. Kf2 Rb8 41. Bf5+ {[%emt 0:8:3] A strong pair of Bishops.} (41. Kxf3 Qxh3+ 42. Bxh3 Rxb3 $16 )g6 {[%emt 0:4:26] [#]} (41... Kg8 $18 42. Qxh6 (42. Kxf3 Qxh3+ 43. Bxh3 Rxb3 $18 )(42. Qxf3 Rxb3 43. Bc1 Qh4+ 44. Ke2 Qxc4+ 45. Kf2 Rb4 $11 )gxh6 )42. Bxg6+ $1 Kxg6 {[%emt 0:44:4] White is clearly winning.} 43. Qe6+ (43. Qxf3 $2 Rf8 $19 (43... Rxb3 44. Qxc6+ Kh7 45. Qd7+ Kg6 46. Qe6+ Kg5 47. Qe7+ Kg6 48. Qe4+ Kf7 49. Qf5+ Ke8 50. Qe4+ Kf7 51. Qf5+ Ke8 52. Qe4+ Kd7 53. Be5 $11 )(43... Qh2+ 44. Ke1 $11 ))Kh5 {[%emt 0:0:25] [#]} 44. Bf6 $1 Qh7 {[%emt 0:0:8] Against Qf5+} 45. Qe5+ ({Not} 45. Qxc6 Qc2+ (45... Rxb3 46. Qxc5+ Kg6 47. Qd6 $14 )46. Kxf3 Qf5+ (46... Qxb3 $2 {too greedy.} 47. Qd5+ Kg6 48. Be5 $16 )47. Ke2 Rf8 (47... Rxb3 48. Qe8+ Kh6 49. Qf8+ Kg6 50. Qg7+ Kh5 51. Qh8+ Kg6 52. Qg7+ Kh5 53. Qh8+ Kg6 54. Qg7+ $11 )48. Qh1+ Kg6 $15 )Kg6 46. Qxb8 {[%emt 0:6:6] Weighted Error Value: White=0.12 (very precise) /Black=0.42  Loses game:     	---       	Black=2      Missed win:     	White=1     	---        Mistake:       	---       	Black=1      Inaccurate:     	---       	Black=1      OK:         	White=14    	Black=13     Best:        	White=3     	Black=6      Strong:       	White=3     	---        Brilliant:      	White=2     	---} 1-0

[Event "87th Tata Steel Masters 2025"]
[White "Warmerdam,Max"]
[Black "Fedoseev,Vladimir"]
[Site "Wijk aan Zee"]
[Round "12.6"]
[Annotator "TA"]
[Result "0-1"]
[Date "2025.02.01"]
[WhiteElo "2646"]
[BlackElo "2717"]
[PlyCount "66"]
[TimeControl "60"]

1. c4 e5 2. g3 d5 3. cxd5 Qxd5 4. Nf3 Nc6 5. d3 Nf6 6. Bg2 {[%emt 0:0:19] A20: English Opening: 1...e5.} Be7 7. Nc3 Qd6 8. Bg5 {[%emt 0:1:58] The position is equal.} Nd4 9. Nd2 c6 10. O-O O-O 11. Nc4 $146 (11. Rc1 Rd8 12. Nde4 Nxe4 13. Nxe4 Qc7 14. Bxe7 Qxe7 15. e3 Nb5 16. Qe2 Be6 17. a3 {1-0 Faust,D (1760)-Berry,E (2000) FICGS rapid B 000293 email 2018 (1)} )Qc7 12. e3 Nb5 13. Bxf6 Bxf6 14. Ne4 {[%emt 0:0:39] a4 is the strong threat.} Be7 15. a4 Nd6 16. Nexd6 Bxd6 17. a5 Rd8 18. Qc2 a6 19. Nb6 Rb8 20. Nxc8 Rbxc8 21. Ra4 Be7 22. Rd1 Rd6 23. Qb3 Rcd8 24. h4 g6 25. Bf3 {[%emt 0:6:49] Opposite bishops and equal position} h5 26. Kg2 Kg7 27. Qc3 Bf6 28. Qc2 Qd7 29. Rb4 Be7 30. Qb3 $2 {[%emt 0:2:51] [#] This costs White the game.} (30. d4 $11 {and White is okay.} )Rf6 $1 $19 {[%emt 0:8:53] and ...Qf5 should not be overlooked} 31. Rxb7 $2 (31. Be4 {keeps fighting.} Bxb4 32. Qxb4 )Qf5 $1 32. Be4 (32. Kg1 $142 Qxf3 33. Rf1 )Qxf2+ 33. Kh3 {[%emt 0:0:6] [#]} g5 $1 {[%emt 0:9:50] Weighted Error Value: White=0.69/Black=0.02 (flawless)   Loses game:     	White=1     	---        Mistake:       	White=2     	---        Inaccurate:     	White=1     	---        OK:         	White=10    	Black=12     Best:        	---       	Black=2      Strong:       	---       	Black=2} 0-1

[Event "87th Tata Steel Masters 2025"]
[White "Mendonca,Leon Luke"]
[Black "Caruana,Fabiano"]
[Site "Wijk aan Zee"]
[Round "12.7"]
[Annotator "TA"]
[Result "1/2-1/2"]
[Date "2025.02.01"]
[WhiteElo "2639"]
[BlackElo "2803"]
[PlyCount "113"]
[TimeControl "60"]

1. e4 e5 2. Nf3 Nc6 3. Bc4 Nf6 4. d3 Be7 5. Nc3 O-O 6. a4 {[%emt 0:0:20] C55: Two Knights: 4 d3, 4 d4 exd4 5 e5 and Max Lange Attack.} Bb4 7. O-O $146 (7. Bd2 d6 8. h3 Bxc3 9. bxc3 Be6 10. Bxe6 fxe6 11. c4 a5 12. O-O b6 13. Ng5 {0-1 Durarbayli,V (2606)-Golubka,P (2452) Titled Arena Mar 6th blitz 2021} )Bxc3 8. bxc3 d6 9. Bg5 Be6 10. Bb5 Ne7 11. Bxf6 gxf6 12. d4 Ng6 13. Re1 c6 14. Bf1 Qa5 15. Re3 Kh8 16. Nd2 Rg8 17. Rg3 Nf4 18. Nc4 Qc7 19. Ne3 d5 20. exd5 cxd5 {[%emt 0:0:46] [#]} 21. c4 exd4 (21... Qc6 22. dxe5 )22. Qxd4 Qe5 23. Rd1 dxc4 24. Nxc4 Qxd4 25. Rxd4 Rxg3 26. hxg3 Ng6 27. Nd6 b6 28. Bc4 Kg7 29. Bxe6 fxe6 $14 {[%emt 0:0:3][%mdl 4096] Endgame KRN-KRN} 30. Rc4 f5 31. Rc7+ Kf6 32. Nc8 (32. Rxh7 Ne5 33. f4 Ng4 34. Rf7+ Kg6 $16 )Ne5 33. f3 h5 34. Nxa7 Rd8 35. Nc8 Rd7 36. Rc3 ({Don't take} 36. Rxd7 Nxd7 37. f4 Kf7 38. Nd6+ Ke7 $18 )Rd1+ 37. Kh2 Nd7 38. Rc6 Rd4 39. Nxb6 Nxb6 40. Rxb6 {[%emt 0:0:4] And now a5 would win.} Rxa4 {[%emt 0:0:3] KR-KR. White is a pawn up.} 41. Rc6 Ra1 42. c4 Rc1 43. c5 Kf7 44. f4 Kf6 45. Rc8 Kg7 46. c6 Kf7 47. c7 (47. Rh8 Rxc6 48. Rxh5 Rc3 49. Rh7+ )Kg7 {[%emt 0:0:3] [#] Inhibits Rh8.} 48. g4 $1 hxg4 {[%emt 0:1:37] The position is equal.} 49. Kg3 Rc2 50. Kh4 Rc3 51. Kg5 Rc1 52. g3 (52. Re8 {simplifies} Rxc7 53. Rxe6 Rc2 54. g3 )Rc2 53. Re8 Rxc7 54. Rxe6 Rc3 $1 55. Kxf5 Rxg3 56. Rg6+ Kf7 57. Rxg4 {[%emt 0:0:3] Weighted Error Value: White=0.06 (flawless) /Black=0.06 (flawless)   Inaccurate:     	White=5     	Black=4      OK:         	White=27    	Black=25     Best:        	---       	Black=3      Strong:       	---       	Black=1} 1/2-1/2

[Event "87th Tata Steel Masters 2025"]
[White "Caruana,Fabiano"]
[Black "Warmerdam,Max"]
[Site "Wijk aan Zee"]
[Round "13.1"]
[Annotator "TA"]
[Result "0-1"]
[Date "2025.02.02"]
[WhiteElo "2803"]
[BlackElo "2646"]
[PlyCount "126"]
[TimeControl "60"]

1. d4 d5 2. Nf3 Nf6 3. e3 a6 4. h3 e6 5. b3 $146 (5. Bd3 b5 6. O-O Bb7 7. a4 Nbd7 8. axb5 axb5 9. Rxa8 Qxa8 10. Bxb5 Bd6 11. c4 dxc4 12. Bxc4 {0-1 Filippova,M (2004)-Mahdian,A (2088) Titled Tuesday intern op 24th Sep Early blitz 2024 (6)} )b6 6. Bb2 {[%emt 0:0:55] D04: Colle System.} Bb7 7. Nbd2 Nbd7 8. Bd3 {[%emt 0:1:52] The position is equal.} Bd6 9. c4 O-O 10. O-O Qe7 11. Ne5 Ne4 12. Rc1 Bxe5 13. dxe5 Ndc5 14. Bb1 Rfd8 15. cxd5 Nxd2 (15... Rxd5 $11 16. Bd4 f5 )16. Qxd2 $14 {[%emt 0:0:11] and Qc2 would now be decisive} Bxd5 17. Bd4 Ne4 18. Qe2 c5 $36 {[%emt 0:0:34][%mdl 2048] Black is more active.} 19. Bb2 Qg5 20. f4 Qe7 (20... Qg3 {with more complications.} 21. Bc2 Bc6 22. Rfd1 a5 )21. Rfd1 a5 22. Bd3 (22. Qf3 $11 {is more appropriate.} Ng5 23. Qg4 )a4 $15 23. bxa4 Rxa4 24. a3 Raa8 25. Kh2 h6 26. Qc2 Qb7 27. Bb5 Rac8 28. Qe2 Qa8 29. a4 Bb3 30. Rd3 Rxd3 (30... Bxa4 31. Ra1 Bxb5 (31... Rxd3 $2 32. Rxa4 Rd2 33. Rxa8 $18 )32. Rxd8+ Rxd8 33. Rxa8 (33. Qxb5 $2 Qb7 $19 )Bxe2 34. Rxd8+ Kh7 35. Rf8 $18 )31. Qxd3 Bd5 (31... Bxa4 $6 32. Ra1 Bxb5 33. Rxa8 Bxd3 34. Rxc8+ Kh7 35. Ba3 $16 )32. Qc2 g6 33. Rd1 h5 34. Bc1 h4 35. Bd2 Ng3 36. Be1 Nf5 37. Rxd5 $2 Nxe3 $19 (37... exd5 38. Qe2 $19 )38. Qc1 (38. Qe4 $142 Nxd5 (38... Qxd5 39. Qxe3 c4 40. Bb4 $16 )39. Bxh4 )Nxd5 39. Bxh4 {[%emt 0:0:3] [#]} c4 $1 40. f5 exf5 (40... gxf5 $2 41. Qg5+ Kh7 42. Qh5+ Kg7 43. Bf6+ Nxf6 44. Qg5+ Kh7 45. exf6 $18 )41. Bd7 {[%emt 0:4:11] [#]} f4 $1 42. e6 {[%emt 0:13:0] [#]} (42. Bxc8 Ne3 )Ne3 $1 43. Qg1 {[%emt 0:0:4] [#]} c3 $1 44. Bxc8 Qxc8 {[%emt 0:1:26][%mdl 4096] Endgame KQB-KQN. Black is a pawn up.} 45. e7 c2 46. Bg5 Kh7 (46... c1=B 47. Qxc1 (47. Bxf4 $2 {too greedy.} Ng4+ 48. Kg3 Bxf4+ 49. Kxf4 Nf6 $19 )Qxc1 48. e8=Q+ (48. e8=B $2 Nf1+ 49. Kh1 Ng3+ 50. Kh2 Qh1# )Kg7 49. Qe5+ (49. Bxf4 $2 Nf1+ 50. Kg1 Qxf4 $19 )Kh7 50. Qxf4 Nf1+ 51. Kg1 Nd2+ 52. Kf2 $11 )47. Qe1 (47. e8=Q $142 Qxe8 48. Bxf4 )Qc6 (47... c1=B 48. Bf6 g5 (48... Kg8 $2 49. Qxc1 Qe8 50. Qb2 $18 )49. Bxg5 $18 )48. Qh4+ Kg8 49. e8=Q+ Qxe8 50. Bf6 Nf1+ (50... c1=B 51. Qh8# )51. Kh1 Ng3+ (51... c1=B 52. Qh8# )52. Kh2 Nh5 (52... c1=B 53. Qh8# )53. Bb2 Kh7 (53... Qxa4 54. Qd8+ )54. Qg5 (54. Qf2 $142 Qxa4 55. Qxb6 )Qe3 {[%emt 0:4:7][%cal Yf7f6] ...f6! would now be deadly.} 55. Qd5 Qg3+ (55... c1=B 56. Qxf7+ Kh6 57. Qf8+ Kg5 58. Qd8+ Kh6 59. Qh8+ Kg5 60. Qd8+ Kh6 61. Bxc1 Qg3+ (61... Qxc1 62. Qh8+ Kg5 63. Qe5+ Kh4 64. Qe6 $11 )62. Kg1 $11 )56. Kg1 Qe1+ 57. Kh2 Qg3+ ({Inferior is} 57... c1=B 58. Qxf7+ Kh6 59. Qf8+ Kg5 60. Qd8+ Kh6 61. Qf8+ Kg5 62. Qd8+ Kh6 63. Qh8+ Kg5 64. Qd8+ $11 )58. Kg1 $1 {[%emt 0:0:2] [#]} c1=Q+ $1 59. Bxc1 Qe1+ 60. Kh2 Qg3+ $2 (60... Qxc1 $19 61. Qxf7+ Ng7 )61. Kg1 $1 $11 Qe1+ $2 (61... f6 $11 62. Bd2 Qa3 )62. Kh2 $19 Qxc1 63. Qxf7+ Ng7 {[%emt 0:0:7] Weighted Error Value: White=0.37/Black=0.12 (very precise)   Loses game:     	White=1     	---        Missed win:     	---       	Black=1      Mistake:       	White=4     	Black=2      Inaccurate:     	White=5     	Black=1      OK:         	White=12    	Black=23     Best:        	White=2     	Black=5      Strong:       	White=2     	---        Brilliant:      	---       	Black=1} 0-1

[Event "87th Tata Steel Masters 2025"]
[White "Fedoseev,Vladimir"]
[Black "Wei,Yi"]
[Site "Wijk aan Zee"]
[Round "13.2"]
[Annotator "TA"]
[Result "1/2-1/2"]
[Date "2025.02.02"]
[WhiteElo "2717"]
[BlackElo "2751"]
[PlyCount "132"]
[TimeControl "60"]

1. d4 Nf6 2. Nf3 d5 3. c4 e6 4. g3 Be7 5. Bg2 O-O 6. O-O dxc4 7. Qa4 a6 8. Qxc4 b5 9. Qc2 Bb7 10. Bd2 Bd6 {[%emt 0:6:50] E05: Open Catalan: 5 Nf3 Be7.} 11. Re1 Be4 12. Qc1 Bb7 13. Be3 $146 (13. a3 Nbd7 14. b4 Qc8 15. Nc3 Ne4 16. Nxe4 Bxe4 17. Bh3 Bxf3 18. exf3 c6 19. f4 {½-½ Giri,A (2776)-Harikrishna,P (2731) Tata Steel India blitz 2019 (9)} )Nbd7 14. Nbd2 Nd5 15. Nb3 Nxe3 16. Qxe3 Rc8 17. Rec1 Bd5 18. Nfd2 Bxg2 19. Kxg2 c5 20. Ne4 (20. Nxc5 Nxc5 21. dxc5 Bxc5 22. Rxc5 Rxc5 23. Qxc5 Qxd2 $19 )cxd4 21. Nxd4 Nc5 22. Nxd6 ({But not} 22. Nxe6 $2 Nxe6 23. Rd1 (23. Rxc8 $2 Qxc8 24. Nxd6 Qc6+ 25. Ne4 f5 $19 )Rc6 $19 )Qxd6 23. Nf3 Na4 24. b3 Nb6 25. Qd4 Qb8 26. e4 Qb7 27. Ne5 f6 {[%emt 0:7:41] [#]} 28. Nd3 Rfd8 29. Rxc8 Qxc8 30. Qe3 Nd7 31. Rc1 Qb7 32. Qd4 {[%emt 0:2:47] Nc5 is in the air} Qa8 {[%emt 0:0:41][%cal Yd7e5] [#]} 33. Qb4 Nf8 34. Nc5 Rc8 35. Qd2 {[%emt 0:1:43] Dodges Nd7} Rd8 36. Qe3 Kf7 37. Nd3 {[%emt 0:2:37] Counterplay Black} Rc8 38. Rd1 Nd7 39. Qd4 Rc7 40. Rd2 Qb7 41. Qe3 Rc8 42. Nf4 Ne5 43. Rd6 Rc6 44. Rd8 Rc8 45. Rxc8 Qxc8 $11 {[%emt 0:0:51][%mdl 4096] Endgame KQN-KQN. Successful Defense Black} 46. Qa7+ Nd7 47. Nd3 Qc6 48. Kf3 Ke7 49. Ke3 Qc3 50. f4 (50. Qxa6 $2 Qxd3+ 51. Kxd3 Nc5+ 52. Kd4 Nxa6 $19 )Qc2 51. Nb4 $1 (51. Qxa6 $2 {is the wrong capture.} Qxd3+ (51... Qxh2 52. Kf3 $11 )52. Kxd3 Nc5+ 53. Kd4 Nxa6 $19 )Qxh2 52. Qc7 $1 {[%emt 0:0:0] Threatening mate with Nc6+.} (52. Nc6+ Kd6 53. Nd4 Qxg3+ 54. Ke2 Qg4+ (54... Qxf4 55. Qxa6+ Ke5 56. Nf3+ Kxe4 57. Qc6+ Kf5 58. Qxd7 $16 )55. Ke3 g5 56. Qxa6+ Ke7 57. Nc6+ Kf7 58. Nd8+ Kg6 59. Nxe6 Qg3+ 60. Kd4 gxf4 )Qxg3+ 53. Ke2 Qg2+ 54. Ke3 Qg1+ 55. Ke2 Qg2+ 56. Ke3 {[%emt 0:0:0] And now Nc6+ would win.} Qh3+ 57. Kd2 $1 e5 58. Nd5+ Ke8 (58... Kf7 $5 59. f5 $8 Qg2+ 60. Ke3 Qg1+ 61. Ke2 Qg2+ 62. Ke3 $11 )59. Qc8+ Kf7 {[%emt 0:0:4] And now ...Qg2+ would win.} 60. f5 {[%emt 0:0:8] The position is equal.} Qg2+ 61. Ke3 Qh3+ 62. Kd2 Qg2+ 63. Ke3 Qg1+ 64. Ke2 Qh2+ 65. Ke3 Qg1+ 66. Ke2 Qg2+ {[%emt 0:0:5] Weighted Error Value: White=0.03 (flawless) /Black=0.03 (flawless)   Missed win:     	---       	Black=1      Inaccurate:     	White=2     	Black=2      OK:         	White=27    	Black=22     Best:        	White=2     	Black=2      Strong:       	White=3     	---} 1/2-1/2

[Event "87th Tata Steel Masters 2025"]
[White "Abdusattorov,Nodirbek"]
[Black "Harikrishna,Pentala"]
[Site "Wijk aan Zee"]
[Round "13.3"]
[Annotator "TA"]
[Result "1/2-1/2"]
[Date "2025.02.02"]
[WhiteElo "2768"]
[BlackElo "2695"]
[PlyCount "99"]
[TimeControl "60"]

1. e4 e5 2. Nf3 Nc6 3. g3 Nf6 4. d3 d5 5. exd5 Qxd5 6. Bg2 {[%emt 0:7:5] C44: Ponziani Opening and Scotch Gambit.} e4 7. Nc3 Bb4 8. Nd2 {[%emt 0:3:38][%csl Yd5,Ye4] White is slightly better.} Bxc3 9. bxc3 Bg4 {[%emt 0:0:8] [#]} 10. Nxe4 $1 O-O-O 11. f3 Rhe8 $1 12. Qe2 $146 (12. Be3 Qa5 13. fxg4 Nxe4 14. O-O Nxc3 15. Qf3 f6 16. g5 f5 17. Kh1 g6 18. Bd2 {1-0 Zvjaginsev,V (2627)-Motylev,A (2640) Moscow Dvoretsky Memorial rapid 2019 (2)} )Nxe4 {[%emt 0:5:3] Black sacrificed a pawn. The position is equal.} 13. dxe4 Qa5 {[%emt 0:0:11] [#]} 14. O-O Be6 15. Qe1 Ne5 (15... Bxa2 16. Qf2 $16 )16. Be3 Nc4 17. Bd4 f6 18. Rf2 Rd7 19. Bf1 Red8 20. a4 c5 21. Be3 Nxe3 22. Qxe3 Rd1 23. Rxd1 Rxd1 24. e5 Bh3 25. e6 {[%emt 0:8:57] And now e7 would win.} (25. exf6 Qa6 26. Qxc5+ Kb8 27. Qf8+ (27. fxg7 $2 Rxf1+ 28. Rxf1 Qxf1# )Kc7 28. Qc5+ (28. Qxg7+ $2 Kc6 $19 )Kb8 29. Qf8+ Kc7 30. Qf7+ Kc8 31. Qf8+ (31. fxg7 $2 Rxf1+ 32. Rxf1 Qxf1# )Kc7 $16 )Qxa4 26. e7 (26. Qxc5+ Qc6 27. Qf8+ (27. Qxa7 $2 Qb5 $19 )(27. Qxc6+ bxc6 28. g4 Kc7 $19 )Kc7 28. Qxg7+ Kb6 29. Qxh7 (29. Qxf6 a5 $11 )Qxe6 $17 )Qe8 $1 27. Qxc5+ Kb8 $1 28. Qe3 a5 $1 29. g4 a4 30. c4 Kc7 31. Qc5+ Kb8 $1 32. Qe3 Kc7 33. f4 {[%emt 0:0:49] Really sharp!} Bxf1 34. Rxf1 Rxf1+ 35. Kxf1 $11 {[%emt 0:0:1][%mdl 4096] Endgame KQ-KQ. White is a pawn up.} Kd7 36. Qe4 Qa8 37. g5 ({Resist} 37. Qxh7 $6 b5 $16 )fxg5 38. fxg5 g6 $1 39. Qe5 Qe8 40. Qe4 Qf7+ 41. Kg2 Ke8 {[%emt 0:0:23] and ...Qf5 would now be decisive} 42. c5 Qf5 43. Qxa4+ ({But not} 43. Qxb7 Qxc2+ (43... Qxc5 44. Qa8+ Kxe7 45. Qxa4 $11 )(43... Qxg5+ 44. Kf3 $15 )44. Kf1 Qc1+ (44... Qxc5 45. Qa8+ Kxe7 46. Qxa4 $11 )45. Kg2 Qxg5+ 46. Kf1 Qc1+ (46... Qxe7 47. c6 $11 )(46... Qxc5 47. Qa8+ Kxe7 48. Qxa4 $17 )47. Kg2 Qc2+ (47... Qxc5 48. Qa8+ Kxe7 49. Qxa4 $17 )48. Kf1 Qxc5 49. Qa8+ Kxe7 50. Qxa4 h5 $15 )Kxe7 44. h4 Qxc5 45. Qe4+ Kd6 46. Qf4+ Qe5 47. Qb4+ Qc5 48. Qf4+ Qe5 49. Qb4+ Qc5 50. Qf4+ {[%emt 0:0:11] Weighted Error Value: White=0.03 (flawless) /Black=0.03 (flawless)   Inaccurate:     	White=1     	Black=1      OK:         	White=14    	Black=21     Best:        	White=1     	Black=3      Strong:       	White=1     	Black=6} 1/2-1/2

[Event "87th Tata Steel Masters 2025"]
[White "Keymer,Vincent"]
[Black "Praggnanandhaa,Rameshbabu"]
[Site "Wijk aan Zee"]
[Round "13.4"]
[Annotator "RC"]
[Result "1-0"]
[Date "2025.02.02"]
[WhiteElo "2733"]
[BlackElo "2741"]
[PlyCount "159"]
[TimeControl "60"]

1. e4 c6 2. Nf3 d5 3. Nc3 Bg4 4. h3 Bxf3 5. Qxf3 e6 6. Be2 Nf6 7. O-O d4 8. Nb1 Bd6 9. c3 c5 10. cxd4 cxd4 11. Na3 O-O 12. Nc4 Bc7 13. d3 Nc6 14. a4 a6 15. g3 b5 16. Na3 Rb8 17. axb5 axb5 18. Bg5 Bd6 19. Rfc1 Ne5 20. Qg2 Ned7 21. Nc2 Qb6 22. b4 e5 23. h4 Ra8 24. Qf1 Rfc8 25. Rxa8 Rxa8 26. Ra1 Qc6 27. Rxa8+ Qxa8 28. Qc1 Qb7 29. Bd1 Ne8 30. Bd2 Nb8 31. Ne1 Nc6 32. Bb3 Nxb4 33. Bxb4 Bxb4 34. Nf3 Qe7 35. Qc6 h6 36. Qxb5 Bd6 37. h5 Nf6 38. Nh4 Qd7 39. Qa6 Kh7 40. Qa2 Kg8 41. Qa8+ Qe8 42. Qa6 Bf8 43. Qb6 Nh7 44. Qg6 Ng5 45. Qf5 Qb8 46. Bc4 Bd6 47. Kg2 Kf8 48. Ng6+ Kg8 49. Qd7 Bf8 50. Nh4 Bd6 51. Nf5 Bf8 52. Nh4 Bd6 53. Nf3 Qf8 54. Nxg5 hxg5 55. Bxf7+ Kh8 56. Bb3 Be7 57. Qe6 Bf6 58. Bc4 Kh7 59. Qf5+ Kh8 60. Qg6 Be7 61. Bf7 Bb4 62. Qf5 Bd6 63. Kh3 Be7 64. Kg4 Bf6 65. Be6 Qe7 66. f4 gxf4 67. gxf4 Qd6 68. Bc4 Qb8 69. Bd5 exf4 70. e5 Bxe5 71. Be4 Kg8 72. Qe6+ Kh8 73. Qg6 Qc8+ 74. Bf5 Qg8 75. Kf3 Bf6 76. Be4 Be5 77. h6 Bb8 78. Qg5 Qf8 79. hxg7+ Qxg7 80. Qh4+ 1-0